 Dungeon Sprint DCSS version 0.24-a0-536-gdd4cf15 (webtiles) character file.

Game seed: 3959251162253463436

142 Faca the Fighter (level 5, -8/60 HPs)
             Began as a Gargoyle Fighter on Aug 13, 2019.
             Mangled by an ogre
             ... wielding a cursed -1 giant spiked club
              (13 damage)
             ... in the Dungeon (Sprint IX: "|||||||||||||||||||||||||||||").
             The game lasted 00:00:30 (44 turns).

Faca the Fighter (Gargoyle Fighter)                   Turns: 44, Time: 00:00:31

Health: -8/60      AC: 10    Str: 26    XL:     5   Next: 25%
Magic:  5/5        EV:  7    Int:  8    God:
Gold:   0          SH:  9    Dex:  9    Spells: 4/4 levels left

rFire    . . .     SeeInvis .   a - +0 flail
rCold    . . .     Gourm    .   c - +0 shield
rNeg     + . .     Faith    .   b - +0 scale mail
rPois    ∞         Spirit   .   (no helmet)
rElec    +         Reflect  .   (no cloak)
rCorr    .         Harm     .   (no gloves)
MR       .....     NoTele   +   (no boots)
Stlth    ..........             (no amulet)
HPRegen  0.20/turn              (no ring)
MPRegen  0.09/turn              (no ring)

@: berserking (expiring), very quick
A: negative energy resistance 1, electricity resistance, unbreathing,
petrification resistance, rot immunity, AC +4
a: no special abilities


You were in the Dungeon.
You were not hungry.

You visited 1 branch

Inventory:

Hand Weapons
 a - a +0 flail (weapon)
Armour
 b - a +0 scale mail (worn)
 c - a +0 shield (worn)
Scrolls
 k - a scroll of blinking
Potions
 d - a potion of might
 e - a potion of curing
 g - a potion of heal wounds
 h - a potion of haste
 i - 2 potions of magic
Comestibles
 f - a ration


   Skills:
 + Level 8.5 Fighting
 + Level 7.4 Maces & Flails
 - Level 3.2 Armour
 - Level 3.2 Shields


You had 4 spell levels left.
You didn't know any spells.
Your spell library was empty.

Dungeon Overview and Level Annotations

Branches:
Dungeon (1/1)

Altars:


Innate Abilities, Weirdness & Mutations

You are resistant to torment.
Your stone body is resilient. (AC +4)
You are immune to poison.
You resist negative energy. (rN+)
You are resistant to electric shocks. (rElec)
You can survive without breathing.
You are immune to petrification.
You are immune to rotting.


Message History

The iguana bites you but does no damage.
You see here a water moccasin corpse.
You sock the iguana!
The iguana is heavily wounded.
You block the iguana's attack.
You hit the iguana.
The iguana is severely wounded.
Your shield and scale mail prevent you from hitting the iguana.
The iguana is severely wounded.
The iguana barely misses you.
You closely miss the iguana.
The iguana is severely wounded.
You block the iguana's attack.
You sock the iguana!
You kill the iguana!
Your Maces & Flails skill increases to level 7!
You thump the ogre!
The ogre is heavily wounded.
The ogre hits you with a cursed -1 giant spiked club!
You die... ▓▓▓▓▓▓▓▓▓▓▓▓▓▓▓▓▓▓ +..oO@'.....†...<▓ ▓▓▓▓▓▓▓▓▓▓▓▓▓▓▓▓▓▓

You could see an ogre and an orc.

Vanquished Creatures
  A water moccasin (D)
  An iguana (D)
  An adder (D)
  A leopard gecko (D)
  A bat (D)
  A giant cockroach (D)
  A ball python (D)
  A goblin (D)
8 creatures vanquished.

Notes
Turn   | Place    | Note
-------+----------+-------------------------------------------
     0 | D        | Faca the Gargoyle Fighter began the quest for the Orb.
     0 | D        | Reached XP level 1. HP: 14/14 MP: 1/1
    13 | D        | Reached skill level 4 in Fighting
    26 | D        | Noticed an ogre
    26 | D        | Noticed an iguana
    26 | D        | Noticed a water moccasin
    35 | D        | HP: 1/24 [water moccasin (6)]
    36 | D        | Killed a water moccasin
    36 | D        | Reached skill level 7 in Fighting
    36 | D        | Reached XP level 2. HP: 2/25 MP: 2/2
    36 | D        | Reached XP level 3. HP: 2/29 MP: 3/3
    36 | D        | Reached XP level 4. HP: 3/35 MP: 4/4
    37 | D        | Reached skill level 8 in Fighting
    37 | D        | Reached XP level 5. HP: 3/39 MP: 5/5
    44 | D        | Mangled by an ogre

Levels and vault maps discovered:
D:        linesprint [early_d, line_temple, items_1, d_10, items_2, lair_1,
          lair_end, items_3, orc_1, orc_end, items_4, d_15, swamp_1, shoals_1,
          snake_1, spider_1, d_20, vaults_1, items_5, swamp_end, shoals_end,
          snake_end, spider_end, vaults_end, d_27, items_6, zot_1, zot_end,
          crypt_end, forest_end, elf_end, slime_end, tomb_end, abyss_end,
          pan_hell_end]

Skill      XL: |  1  2  3  4  5 |
---------------+----------------+-----
Fighting       | 7 8 |  8.5
Maces & Flails | 6 7 |  7.4
Armour         | |  3.2
Shields        | |  3.2

Action                   |  1- 3 |  4- 6 || total
-------------------------+-------+-------++-------
Melee: Flail             |    24 |     7 ||    31
  Use: Potion            |     1 |       ||     1
Armor: Scale mail        |     9 |     1 ||    10
Dodge: Dodged            |     9 |     1 ||    10
Block: Shield            |     9 |     2 ||    11

Table legend:
 A = Non-vault XP
 B = Vault XP
 C = Vault XP percentage of total XP
 D = Non-vault monster count
 E = Vault monster count
 F = Vault count percentage of total count
                 A         B        C        D         E       F
            +---------+---------+-------+---------+---------+-------
      Total |       0 |     204 | 100.0 |       0 |       8 | 100.0
            +---------+---------+-------+---------+---------+-------
          D |       0 |     204 | 100.0 |       0 |       8 | 100.0
            +---------+---------+-------+---------+---------+-------
